 Dungeon Crawl Stone Soup version 0.24.1-4-ge52af88ad5 (webtiles) character file.

Game seed: 14654259842948693869, levelgen mode: deterministic

288 nightchill the Caller (level 6, -13/44 HPs)
             Began as a Gnoll Summoner on Apr 15, 2020.
             Mangled by Menkaure (16 damage)
             ... on level 5 of the Dungeon.
             The game lasted 00:12:21 (4683 turns).

nightchill the Caller (Gnoll Summoner)              Turns: 4683, Time: 00:12:22

Health: -13/44     AC:  4    Str: 12    XL:     6   Next: 31%
Magic:  2/14       EV: 15    Int: 18    God:
Gold:   315        SH:  0    Dex: 15    Spells: 8/15 levels left

rFire    . . .     SeeInvis .   f - +3 whip (venom)
rCold    . . .     Gourm    .   (no shield)
rNeg     . . .     Faith    .   a - +0 robe
rPois    .         Spirit   .   (no helmet)
rElec    .         Reflect  .   p - +1 cloak
rCorr    .         Harm     .   (no gloves)
MR       .....                  (no boots)
Stlth    +++.......             (no amulet)
HPRegen  0.14/turn              (no ring)
MPRegen  0.14/turn              (no ring)

@: very slightly contaminated
A: distributed training, fangs 1, strong nose
a: no special abilities


You were on level 5 of the Dungeon.
You were not hungry.

You visited 1 branch of the dungeon, and saw 5 of its levels.

You collected 315 gold pieces.

Inventory:

Hand Weapons
 b - a +0 whip
 f - a +3 whip of venom (weapon)
 j - a +0 spear
Missiles
 g - 225 stones (quivered)
Armour
 a - a +0 robe (worn)
 p - a +1 cloak (worn)
Jewellery
 q - a +2 ring of protection {unknown}
Scrolls
 d - 3 scrolls of enchant armour {unknown}
 e - 4 scrolls of identify {unknown}
 h - 3 scrolls of magic mapping {unknown}
 m - 3 scrolls of immolation {unknown}
 n - a scroll of random uselessness {unknown}
 o - 3 scrolls of teleportation {unknown}
 s - a scroll of amnesia {unknown}
 u - a scroll of enchant weapon {unknown}
 w - a scroll of fear {unknown}
Potions
 i - 2 potions of haste {unknown}
 k - a potion of agility {unknown}
 l - a potion of invisibility {unknown}
 r - 2 potions of lignification {unknown}
 t - 4 potions of cancellation {unknown}
 v - 2 potions of curing {unknown}
Comestibles
 c - 8 rations
 x - 2 chunks of flesh


   Skills:
 + Level 1.8 Fighting
 + Level 1.8 Short Blades
 + Level 1.8 Long Blades
 + Level 1.8 Axes
 + Level 1.8 Maces & Flails
 + Level 1.8 Polearms
 + Level 1.8 Staves
 + Level 1.8 Slings
 + Level 1.8 Bows
 + Level 1.8 Crossbows
 + Level 1.8 Throwing
 + Level 1.8 Armour
 + Level 4.9 Dodging
 + Level 4.5 Stealth
 + Level 1.8 Shields
 + Level 1.8 Unarmed Combat
 + Level 5.3 Spellcasting
 + Level 1.4 Conjurations
 + Level 1.4 Hexes
 + Level 1.4 Charms
 + Level 7.2 Summonings
 + Level 1.4 Necromancy
 + Level 1.4 Translocations
 + Level 1.4 Transmutations
 + Level 1.4 Fire Magic
 + Level 1.4 Ice Magic
 + Level 1.4 Air Magic
 + Level 1.4 Earth Magic
 + Level 1.4 Poison Magic
 + Level 2.0 Invocations
 + Level 1.8 Evocations


You had 8 spell levels left.
You knew the following spells:

 Your Spells              Type           Power        Failure   Level  Hunger
a - Summon Small Mammal   Summ           ####         1%          1    None
b - Call Imp              Summ           ####....     1%          2    #......
c - Summon Lightning Spi  Summ/Air       ###.....     22%         4    ####...

Your spell library contained the following spells:

 Spells                   Type           Power        Failure   Level  Hunger
 Call Canine Familiar     Summ           ####....     1%          3    ##.....
 Summon Guardian Golem    Hex/Summ       ###.....     6%          3    ##.....
 Magic Dart               Conj           ##..         7%          1    None
 Searing Ray              Conj           ##....       11%         2    #......
 Dazzling Spray           Conj/Hex       ##....       22%         3    ##.....
 Summon Ice Beast         Ice/Summ       ###.....     22%         4    ####...
 Force Lance              Conj/Tloc      ##......     56%         4    ####...
 Fulminant Prism          Conj/Hex       ##........   56%         4    ####...
 Iskenderun's Mystic Bla  Conj           ##......     56%         4    ####...


Dungeon Overview and Level Annotations

Branches:
Dungeon (5/15)
 Temple: D:4-7

Altars:
Gozag

Shops:
D:4 *

Annotations:
D:5 Menkaure


Innate Abilities, Weirdness & Mutations

Your experience applies equally to all skills.
You have very sharp teeth.
Your uncanny sense of smell can sniff out nearby items.


Message History

A beastly little devil appears in a puff of flame.
Menkaure calls on the powers of darkness!
Your body is wracked with pain!
* * * LOW HITPOINT WARNING * * *
Menkaure hits your lightning spire!
Your lightning spire is destroyed!
Menkaure closely misses your crimson imp.
Your crimson imp hits Menkaure.
Menkaure calls on the powers of darkness!
Your body is wracked with pain!
* * * LOW HITPOINT WARNING * * *
Your crimson imp hits Menkaure.
You barely miss Menkaure.
Menkaure is almost destroyed.
Menkaure misses you.
Your crimson imp blinks!
You hit Menkaure but do no damage.
Menkaure is almost destroyed.
Menkaure hits you!
You die...

#.### #... #..# #..#
#..# .#
...######..###.# ...
...M........<..#....
....####M.######....
. #@ยง.......#
#.......#####
##.###........ ...#
#........ ###.#
#........ ####
#5###........
....####......######
#.......######
#.#.....#


You could see Menkaure and a friendly crimson imp.

Vanquished Creatures
  A bullfrog skeleton (D:4)
  3 adders (D:3)
  2 dart slugs (D:2)
  5 leopard geckos
  An orc (D:3)
  4 bats
  3 giant cockroaches
  6 goblins
  7 hobgoblins
  4 jackals (D:3)
  3 quokkas
  A ball python (D:4)
  8 frilled lizards
  8 kobolds
  3 rats
59 creatures vanquished.

Vanquished Creatures (collateral kills)
  A phantom (D:4)
  An iguana (D:4)
  3 worker ants (D:5)
  Robin (D:2)
  3 gnolls (D:5)
  3 adders
  A worm (D:5)
  An orc (D:4)
  A giant cockroach (D:1)
  7 goblins (D:2)
  3 hobgoblins
  3 jackals (D:3)
  A bat (D:1)
  A kobold (D:2)
30 creatures vanquished.

Grand Total: 89 creatures vanquished

Notes
Turn   | Place    | Note
-------+----------+-------------------------------------------
     0 | D:1      | nightchill the Gnoll Summoner began the quest for the Orb.
     0 | D:1      | Reached XP level 1. HP: 13/13 MP: 6/6
   537 | D:1      | Reached XP level 2. HP: 15/19 MP: 7/7
  1069 | D:2      | Noticed Robin
  1349 | D:1      | Learned a level 2 spell: Call Imp
  1373 | D:2      | Reached XP level 3. HP: 5/25 MP: 1/9
  1377 | D:2      | Killed Robin
  1377 | D:2      | Reached skill level 5 in Spellcasting
  2002 | D:2      | Reached skill level 1 in Invocations
  2367 | D:3      | Reached skill level 1 in Fighting
  2367 | D:3      | Reached skill level 1 in Short Blades
  2367 | D:3      | Reached skill level 1 in Long Blades
  2367 | D:3      | Reached skill level 1 in Axes
  2367 | D:3      | Reached skill level 1 in Maces & Flails
  2367 | D:3      | Reached skill level 1 in Polearms
  2367 | D:3      | Reached skill level 1 in Staves
  2367 | D:3      | Reached skill level 1 in Slings
  2367 | D:3      | Reached skill level 1 in Bows
  2367 | D:3      | Reached skill level 1 in Crossbows
  2367 | D:3      | Reached skill level 1 in Throwing
  2367 | D:3      | Reached skill level 1 in Armour
  2367 | D:3      | Reached skill level 1 in Shields
  2367 | D:3      | Reached skill level 1 in Unarmed Combat
  2367 | D:3      | Reached skill level 1 in Evocations
  2367 | D:3      | Reached XP level 4. HP: 27/32 MP: 11/11
  2587 | D:3      | Learned a level 4 spell: Summon Lightning Spire
  2883 | D:3      | Reached skill level 1 in Conjurations
  2883 | D:3      | Reached skill level 1 in Hexes
  2883 | D:3      | Reached skill level 1 in Charms
  2883 | D:3      | Reached skill level 1 in Necromancy
  2883 | D:3      | Reached skill level 1 in Translocations
  2883 | D:3      | Reached skill level 1 in Transmutations
  2883 | D:3      | Reached skill level 1 in Fire Magic
  2883 | D:3      | Reached skill level 1 in Ice Magic
  2883 | D:3      | Reached skill level 1 in Air Magic
  2883 | D:3      | Reached skill level 1 in Earth Magic
  2883 | D:3      | Reached skill level 1 in Poison Magic
  3350 | D:4      | Reached XP level 5. HP: 37/37 MP: 12/12
  3470 | D:4      | Found an opulent altar of Gozag.
  3470 | D:4      | Found Gozag's Platinum Reserve.
  3887 | D:4      | Noticed a phantom
  3919 | D:4      | Killed a phantom
  4027 | D:4      | Reached XP level 6. HP: 44/44 MP: 4/13
  4413 | D:5      | Entered Level 5 of the Dungeon
  4664 | D:5      | Noticed Menkaure
  4683 | D:5      | Mangled by Menkaure

Levels and vault maps discovered:
D:1:      ncdulo_halloftheorcs, layout_basic
D:2:      layout_basic, uniq_robin
D:3:      layout_loops_ring, first_ration
D:4:      layout_loops_cross, nicolae_gozag_zags_fifth_avenue
D:5:      layout_basic, kennysheep_mini_moat, uniq_menkaure

Skill      XL: |  1  2  3  4  5  6 |
---------------+-------------------+-----
Spellcasting   | 5 |  5.3
Invocations    | 1 2 |  2.0
Fighting       | 1 |  1.8
Short Blades   | 1 |  1.8
Long Blades    | 1 |  1.8
Axes           | 1 |  1.8
Maces & Flails | 1 |  1.8
Polearms       | 1 |  1.8
Staves         | 1 |  1.8
Slings         | 1 |  1.8
Bows           | 1 |  1.8
Crossbows      | 1 |  1.8
Throwing       | 1 |  1.8
Armour         | 1 |  1.8
Shields        | 1 |  1.8
Unarmed Combat | 1 |  1.8
Evocations     | 1 |  1.8
Conjurations   | 1 |  1.4
Hexes          | 1 |  1.4
Charms         | 1 |  1.4
Necromancy     | 1 |  1.4
Translocations | 1 |  1.4
Transmutations | 1 |  1.4
Fire Magic     | 1 |  1.4
Ice Magic      | 1 |  1.4
Air Magic      | 1 |  1.4
Earth Magic    | 1 |  1.4
Poison Magic   | 1 |  1.4
Dodging        | |  4.9
Stealth        | |  4.5
Summonings     | |  7.2

Action                   |  1- 3 |  4- 6 || total
-------------------------+-------+-------++-------
Melee: Unarmed           |    22 |       ||    22
       Whip              |   104 |    91 ||   195
       Bite              |     6 |     4 ||    10
 Cast: Summon Small Mamm |    10 |       ||    10
       Call Imp          |     3 |     9 ||    12
       Summon Lightning  |       |    11 ||    11
 Stab: Sleeping          |     6 |     5 ||    11
  Eat: Chunk             |     5 |     9 ||    14
Armor: Robe              |    25 |    17 ||    42
Dodge: Dodged            |   111 |    75 ||   186
